 Dungeon Crawl Stone Soup version 0.25.1-2-g60ff931df9 (webtiles) character file.

Game seed: 9660023999932351399

114 Ram the Conjurer (level 4, -1/24 HPs)
             Began as a Tengu Conjurer on Aug 26, 2020.
             Slain by a goblin
             ... wielding a +0 dagger
             ... led by Robin
              (5 damage)
             ... on level 3 of the Dungeon.
             The game lasted 00:12:09 (2493 turns).

Ram the Conjurer (Tengu Conjurer)                   Turns: 2493, Time: 00:12:10

Health: -1/24      AC:  2    Str:  9    XL:     4   Next: 97%
Magic:  3/9        EV: 13    Int: 16    God:
Gold:   64         SH:  0    Dex: 14    Spells: 7/8 levels left

rFire    . . .     SeeInvis .   x - +2 trident (flame)
rCold    . . .     Gourm    .   (no shield)
rNeg     . . .     Faith    .   a - +0 robe
rPois    .         Spirit   .   (helmet restricted)
rElec    .         Reflect  .   (no cloak)
rCorr    .         Harm     .   (no gloves)
MR       .....                  (boots unavailable)
Stlth    ++........             (no amulet)
HPRegen  0.08/turn              (no ring)
MPRegen  0.11/turn              (no ring)

@: lethally poisoned (-1 -> -7)
A: beak, talons 3
a: no special abilities


You were on level 3 of the Dungeon.
You were not hungry.

You visited 1 branch of the dungeon, and saw 3 of its levels.

You collected 64 gold pieces.

Inventory:

Hand Weapons
 d - a +0 club
 q - a +0 club
 t - a +0 hand axe
 x - a +2 trident of flaming (weapon)
 y - a +0 dagger
 z - a +0 club
 C - a +0 dagger
Missiles
 o - 37 arrows
 p - 40 stones (quivered)
 A - 25 bolts
 F - 18 sling bullets
Armour
 a - a +0 robe (worn)
 b - a +0 leather armour
 f - a +0 pair of boots
 l - a +0 robe
 n - a +0 plate armour
 E - a +0 chain mail
Jewellery
 s - an uncursed amulet of the acrobat {unknown}
Scrolls
 e - 3 scrolls of teleportation {unknown}
 g - 2 scrolls of remove curse {unknown}
 h - a scroll of blinking {unknown}
 r - 2 scrolls of identify {unknown}
 u - a scroll of random uselessness {unknown}
 w - a scroll of immolation {unknown}
 D - a scroll of noise {unknown}
Potions
 i - a potion of flight {unknown}
 j - 2 potions of heal wounds {unknown}
 k - 2 potions of mutation {unknown}
 m - a potion of might {unknown}
 v - a potion of cancellation {unknown}
Comestibles
 c - 3 rations
 B - a chunk of flesh


   Skills:
 + Level 0.2 Maces & Flails
 + Level 2.3 Dodging
 + Level 2.4 Stealth
 * Level 2.9 Spellcasting
 + Level 7.0 Conjurations


You had 7 spell levels left.
You knew the following spells:

 Your Spells              Type           Power        Failure   Level  Hunger
a - Magic Dart            Conj           ###.         1%          1    #......

Your spell library contained the following spells:

 Spells                   Type           Power        Failure   Level  Hunger
 Searing Ray              Conj           ###...       1%          2    ##.....
 Dazzling Flash           Conj/Hex       ##....       13%         3    ###....
 Fulminant Prism          Conj/Hex       ##........   41%         4    #####..
 Iskenderun's Mystic Bla  Conj/Tloc      ##......     41%         4    #####..


Dungeon Overview and Level Annotations

Branches:
Dungeon (3/15)

Altars:
Fedhas
Kikubaaqudgha
Makhleb

Annotations:
D:3 Robin


Innate Abilities, Weirdness & Mutations

You have a beak for a mouth.
You have claws for feet.


Message History

A goblin comes into view.
You see here a +0 club.
The goblin barely misses you. The goblin hits you but does no damage.
The adder bites you.
You are more poisoned.
The adder poisons you!
You see here 3 atropa-tipped darts.
You feel sick.
You barely miss the goblin. Your kick misses the goblin.
You feel sick. The goblin closely misses you.
You puncture the goblin! You burn the goblin.
You kill the goblin!
Robin throws the goblin at you! The adder bites you but does no damage.
You completely miss the adder.
You feel sick. The goblin closely misses you. The adder bites you.
* * * LOW HITPOINT WARNING * * *
The goblin hits you but does no damage. The adder misses you.
You miss the adder. Your kick misses the adder. Your peck misses the adder.
The adder completely misses you. The goblin hits you with a +0 dagger.
You die...

..... ....
###### .g.#
##..... #..#
....... #..#
###### #.(# #
#..# ..# #
#.?#######..# #
#.##.rS@g......#
#####
#.###g########.#
#.... #.# #.#
#.# #.### #.#
#)# #.# #.# #.#
#)# #.# #.# #.#
#.# ##.## #.#
##.###.# ##.#.##
#.#
#.####.รท.##.#
##.###.###.#
.............#
##.## ##.##.#


You could see Robin, an adder, a goblin (strong) and a rat.

Vanquished Creatures
  A worker ant (D:2)
  An adder (D:3)
  An ooze (D:1)
  A worm (D:2)
  A dart slug (D:1)
  A leopard gecko (D:2)
  3 giant cockroaches (D:2)
  10 goblins
  11 hobgoblins
  6 jackals
  2 kobolds
  2 quokkas (D:2)
  10 bats
  8 frilled lizards
  7 rats
65 creatures vanquished.

Notes
Turn   | Place    | Note
-------+----------+-------------------------------------------
     0 | D:1      | Ram the Tengu Conjurer began the quest for the Orb.
     0 | D:1      | Reached XP level 1. HP: 10/10 MP: 4/4
   268 | D:1      | Reached XP level 2. HP: 15/15 MP: 4/6
   377 | D:1      | Reached skill level 6 in Conjurations
   683 | D:1      | Reached XP level 3. HP: 11/19 MP: 2/7
  1335 | D:2      | Reached XP level 4. HP: 24/24 MP: 2/8
  2070 | D:2      | Found an ancient bone altar of Kikubaaqudgha.
  2072 | D:2      | Found a blossoming altar of Fedhas.
  2367 | D:3      | Found a burning altar of Makhleb.
  2460 | D:3      | Noticed Robin
  2475 | D:3      | Reached skill level 7 in Conjurations
  2493 | D:3      | Slain by a goblin

Illustrated notes

Levels and vault maps discovered:
D:1:      nagdon_arrival_double_spiral, layout_rooms, st_stairs_13
D:2:      layout_basic, grunt_temple_overflow_growth_and_decay
D:3:      layout_loops_ring, lightli_temple_of_fire, uniq_robin, uniq_ijyb,
          uniq_natasha

Skill      XL: |  1  2  3  4 |
---------------+-------------+-----
Conjurations   | 6 7 |  7.0
Maces & Flails | |  0.2
Dodging        | |  2.3
Stealth        | |  2.4
Spellcasting   | |  2.9

Action                   |  1- 3 |  4- 6 || total
-------------------------+-------+-------++-------
Melee: Club              |     8 |     4 ||    12
       Kick              |     2 |     2 ||     4
       Trident           |       |    14 ||    14
       Peck              |       |     1 ||     1
 Cast: Magic Dart        |    57 |    63 ||   120
  Eat: Chunk             |     1 |     5 ||     6
Armor: Robe              |     2 |     4 ||     6
Dodge: Dodged            |    19 |    21 ||    40
